AoeStats
← ...

Pilgrims

509342346Analyzed
2v2 RM · 4d ago on Sep 26, 2026· 69m 11s· 4 players
Game mode
Random Map
Map size
Medium (4 player)
Population
200
Speed
Normal
Resources
Standard
Victory
Conquest
Starting age
Dark Age
Ending age
Imperial Age
RankedLock teamsTeams togetherTeam positionsShared explorationLock speedFull tech treeHidden civsTurbo modeCheats
Victory
Defeat
🇬🇷 Dravidians · Greece
795
+17
🇦🇺 Persians · Australia
738
+19
🇨🇿 Bulgarians · Czechia
816
-18
🇨🇿 Britons · Czechia
809
-18
Denys
7:03 Loom
11:24 Feudal Age
14:09 Double-Bit Axe
16:06 Fishing Lines
22:02 Castle Age
20:37 Wheelbarrow
19:48 Town Watch
23:20 Fletching
23:41 Forging
23:37 Scale Barding Armor
24:41 Hand Cart
27:27 Elite Skirmisher
29:34 Thumb Ring
29:31 Bodkin Arrow
29:37 Padded Archer Armor
38:21 Husbandry
38:45 Chain Barding Armor
38:41 Leather Archer Armor
38:38 Horse Collar
39:13 Bow Saw
38:56 Gold Mining
38:58 Stone Mining
44:07 Imperial Age
41:38 Town Patrol
43:04 Ballistics
42:55 Masonry
42:41 Murder Holes
42:58 Fortified Wall
43:09 Medical Corps
44:17 Leather Archer Armor
44:30 Elite Elephant Archer
45:13 Bracer
45:44 Ring Archer Armor
45:53 Iron Casting
45:18 Scale Mail Armor
46:40 Chemistry
46:03 Conscription
54:41 Caravan
54:52 Guilds
56:18 Hoardings
58:19 Blast Furnace
TwisteR_NooB
10:02 Loom
16:23 Feudal Age
17:56 Wheelbarrow
29:00 Castle Age
29:25 Double-Bit Axe
45:18 Hand Cart
44:50 Town Watch
48:42 Imperial Age
48:49 Kamandaran
48:28 Crossbowman
49:13 Thumb Ring
49:38 Conscription
51:19 Chemistry
50:39 Ballistics
51:40 Cavalier
52:24 Husbandry
54:39 Bow Saw
56:07 Heavy Scorpion
61:23 Thumb Ring
64:26 Elite War Elephant
...
11:06 Loom
11:52 Loom
14:06 Feudal Age
17:26 Scale Barding Armor
19:06 Forging
22:36 Castle Age
20:33 Fletching
25:50 Iron Casting
25:21 Scale Barding Armor
27:37 Gold Mining
29:06 Wheelbarrow
29:40 Horse Collar
30:20 Double-Bit Axe
34:02 Squires
33:22 Pikeman
36:47 Imperial Age
37:06 Scale Mail Armor
40:53 Halberdier
43:49 Chemistry
45:09 Hand Cart
46:12 Chain Barding Armor
46:53 Blast Furnace
49:01 Plate Barding Armor
51:03 Chain Mail Armor
56:01 Stirrups
56:12 Husbandry
56:47 Plate Mail Armor
57:42 Elite Konnik
LOLSICK
5:18 Loom
14:50 Feudal Age
15:35 Double-Bit Axe
15:46 Gold Mining
16:35 Fletching
16:46 Padded Archer Armor
18:36 Wheelbarrow
18:43 Fishing Lines
24:44 Castle Age
24:50 Crossbowman
25:28 Bodkin Arrow
25:49 Leather Archer Armor
26:10 Stone Mining
26:55 Gold Shaft Mining
26:33 Bow Saw
26:30 Pikeman
27:47 Gillnets
29:44 Hand Cart
32:49 Ballistics
32:25 Murder Holes
36:46 Imperial Age
35:23 Scale Mail Armor
35:33 Forging
39:10 Ring Archer Armor
38:40 Bracer
38:54 Scale Barding Armor
38:47 Horse Collar
39:23 Halberdier
41:58 Two-Man Saw
41:01 Heavy Plow
41:25 Chain Barding Armor
40:34 Cranequins
43:15 Conscription
42:57 Warwolf
43:27 Yeomen
44:47 Heavy Mounted Crossbowman
48:04 Iron Casting
47:44 Chain Mail Armor
48:05 Plate Barding Armor
51:21 Elite Longbowman
53:33 Chemistry
55:38 Blast Furnace
55:09 Plate Mail Armor
Connection lost

Rejoining the realm…

Still unreachable

The connection could not be restored.

Session expired

The server has moved on; the page needs a fresh start.